 Dungeon Crawl Stone Soup version 0.21.0-22-g11d5b52 (webtiles) character file.

16337 Faca the Cleaver (level 12, -11/117 HPs)
             Began as a Hill Orc Fighter on Jan 18, 2018.
             Was an Elder of Beogh.
             Mangled by a five-headed hydra (12 damage)
             ... on level 2 of the Lair of Beasts.
             The game lasted 00:27:29 (13509 turns).

Faca the Cleaver (Hill Orc Fighter)                Turns: 13509, Time: 00:27:30

Health: -11/117    AC: 14    Str: 22    XL:     12   Next: 36%
Magic:  0/12       EV:  8    Int:  8    God:    Beogh [****..]
Gold:   501        SH: 11    Dex: 12    Spells: 11/11 levels left

rFire    + . .     SeeInvis +   C - +1 whip (venom)
rCold    . . .     Gourm    .   c - +0 shield
rNeg     . . .     Faith    .   b - +0 scale mail
rPois    +         Spirit   +   y - +1 helmet {SInv}
rElec    .         Reflect  .   i - +1 cloak
rCorr    .         Harm     .   s - +0 pair of gloves
MR       .....                  (no boots)
Stlth    ..........             h - amulet of guardian spirit
HPRegen  0.29/turn              q - ring of poison resistance
MPRegen  0.13/turn              z - ring of protection from fire

@: no status effects
A: no striking features
a: Smiting, Recall Orcish Followers, Renounce Religion


You were on level 2 of the Lair of Beasts.
You worshipped Beogh.
Beogh was greatly pleased with you.
You were not hungry.

You visited 2 branches of the dungeon, and saw 12 of its levels.

You collected 501 gold pieces.

Inventory:

Hand Weapons
 a - a +0 war axe
 n - a +0 broad axe
 p - the +8 spear of the Middle {pain, rElec rF+ rC+}
   (You found it on level 8 of the Dungeon)

   In the hands of one skilled in necromantic magic, it inflicts extra damage on
   living creatures.
   It protects you from fire.
   It protects you from cold.
   It insulates you from electricity.
 C - a +1 whip of venom (weapon)
Armour
 b - a +0 scale mail (worn)
 c - a +0 shield (worn)
 d - a +0 large shield
 i - a +1 cloak (worn)
 s - a +0 pair of gloves (worn)
 y - a +1 helmet of see invisible (worn)
Jewellery
 h - an amulet of guardian spirit (around neck)
 q - a ring of poison resistance (left hand)
 z - a ring of protection from fire (right hand)
Wands
 v - a wand of scattershot (10)
 D - a wand of digging (18)
 E - a wand of paralysis (28)
 F - a wand of disintegration (21)
 G - a wand of acid (21)
 H - a wand of flame (30)
Scrolls
 j - 10 scrolls of remove curse
 k - 3 scrolls of fog
 l - 4 scrolls of magic mapping
 m - 2 scrolls of enchant weapon
 o - a scroll of enchant armour {unknown}
 w - 6 scrolls of teleportation
 A - a scroll of summoning {unknown}
 I - a scroll of torment {unknown}
Potions
 e - 3 potions of might
 g - a potion of resistance {unknown}
 r - 3 potions of magic
 t - 2 potions of curing
 u - 3 potions of flight
 x - 2 potions of agility
 B - 2 potions of ambrosia
 J - a potion of cancellation {unknown}
Comestibles
 f - 9 rations


   Skills:
 + Level 14.0 Fighting
 + Level 14.9 Axes
 + Level 9.0 Armour
 + Level 9.0 Shields


You had 11 spell levels left.
You didn't know any spells.

Dungeon Overview and Level Annotations

Branches:
Dungeon (10/15)            Temple (0/1) D:6            Lair (2/6) D:8
    Orc (0/2) D:9
  Swamp: Lair:2-4    Shoals: Lair:2-4     Snake: Lair:2-4    Spider: Lair:2-4

Altars:
Ashenzari
Cheibriados
Gozag
Kikubaaqudgha
Makhleb
Ru
Trog
Xom
Yredelemnul
The Shining One

Shops:
D:9 *

Annotations:
D:9 2 transporters


Message History

The five-headed hydra looks more healthy.
You feel better. The five-headed hydra bites you.
* * * LOW HITPOINT WARNING * * *
The five-headed hydra bites you.
* * * LOW HITPOINT WARNING * * *
The five-headed hydra bites you.
* * * LOW HITPOINT WARNING * * *
You block the five-headed hydra's attack.
The five-headed hydra bites you.
* * * LOW HITPOINT WARNING * * *
Aiming: Disintegrate
Press: ? - help, Shift-Dir - straight line, f/p - five-headed hydra
Aim: a five-headed hydra (severely wounded, chance to defeat MR: 30%)
The five-headed hydra is blasted.
The five-headed hydra bites you!
* * * LOW HITPOINT WARNING * * *
The five-headed hydra bites you.
* * * LOW HITPOINT WARNING * * *
You block the five-headed hydra's attack.
The five-headed hydra bites you!
You die...

........#.....##.# #....
.................# #......
.................##........
..................#.........
.#..........................
............................
..........................#
.........................#
....###.........@........#
..### #........D......####
### ##...........<.....#
##................#
#P...............#
###...............###
###....##......(....#.##
.#......##..............#
#.......#..>...........##


You could see a five-headed hydra.

Vanquished Creatures
  2 hydras
  2 two-headed ogres
  Nergalle (Lair:2)
  Sonja (Lair:2)
  The ghost of Calypsia the Protected, a novice GnWn of Ashenzari (D:8)
  Pikel (D:5)
  A manticore (D:9)
  2 spiny frogs
  2 komodo dragons
  A hornet (D:8)
  Grinder (D:3)
  4 hippogriffs
  Sigmund (D:3)
  A spriggan (D:8)
  10 yaks
  2 basilisks
  A hungry ghost (D:4)
  Edmund (D:5)
  2 water moccasins
  2 black bears (D:9)
  3 porcupines
  2 orc warriors
  2 sky beasts (D:8)
  An eye of draining (D:9)
  3 ice beasts
  3 phantoms
  A necrophage (D:8)
  3 centaurs
  6 ogres
  3 crocodiles
  The ghost of Theyli the Slasher, an amateur VSBe of Trog (D:3)
  Blork the orc (D:5)
  A gnoll sergeant (D:6)
  8 bullfrogs
  5 scorpions
  11 killer bees (D:7)
  4 howler monkeys
  5 crimson imps
  A bullfrog zombie (D:10)
  2 centaur zombies
  3 jellies (D:8)
  5 orc priests
  3 bullfrog skeletons
  A centaur skeleton (D:10)
  10 hounds
  9 orc wizards
  Natasha (thrice) (D:3)
  5 iguanas
  11 worker ants
  A hound zombie (D:5)
  A hound skeleton (D:4)
  2 worker ant zombies
  A howler monkey zombie (D:9)
  6 gnolls (D:6)
  11 adders
  3 shadow imps
  2 oozes
  An adder zombie (D:5)
  4 worms (D:2)
  2 dart slugs
  6 leopard geckos
  23 orcs
  3 bats
  6 giant cockroaches
  9 goblins
  5 hobgoblins
  8 jackals
  3 kobolds
  5 quokkas
  A ball python (D:2)
  9 frilled lizards
  A jackal skeleton (D:6)
  9 rats
  A fungus (Lair:1)
278 creatures vanquished.

Vanquished Creatures (collateral kills)
  A hungry ghost (D:10)
  2 phantoms (D:10)
  A necrophage (D:10)
  An ogre (D:10)
  A bullfrog (D:10)
  A scorpion (D:10)
  A crimson imp (D:10)
  A howler monkey zombie (D:10)
  3 orcs (D:10)
12 creatures vanquished.

Vanquished Creatures (others)
  2 orc warriors
  An ogre (D:6)
  A bullfrog (D:6)
  A scorpion (D:5)
  A crimson imp (D:5)
  A centaur zombie (D:6)
  An orc priest (D:6)
  3 gnolls (D:6)
  4 orcs
15 creatures vanquished.

Grand Total: 305 creatures vanquished

Notes
Turn   | Place    | Note
-------+----------+-------------------------------------------
     0 | D:1      | Faca the Hill Orc Fighter began the quest for the Orb.
     0 | D:1      | Reached XP level 1. HP: 19/19 MP: 1/1
   104 | D:1      | Reached XP level 2. HP: 23/27 MP: 2/2
   507 | D:2      | Reached XP level 3. HP: 34/34 MP: 3/3
   630 | D:2      | Reached XP level 4. HP: 40/41 MP: 4/4
   720 | D:2      | Reached skill level 5 in Fighting
  1153 | D:3      | Noticed Sigmund
  1170 | D:3      | Killed Sigmund
  1170 | D:3      | Reached XP level 5. HP: 15/50 MP: 5/5
  1170 | D:3      | Reached XP level 6. HP: 17/57 MP: 6/6
  1380 | D:3      | Noticed Natasha
  1407 | D:3      | Killed Natasha
  1576 | D:3      | Noticed Theyli's ghost (amateur VSBe)
  1589 | D:3      | Killed Theyli's ghost
  1589 | D:3      | Reached XP level 7. HP: 35/66 MP: 7/7
  1612 | D:3      | Noticed Natasha
  1620 | D:3      | Killed Natasha
  1791 | D:3      | Noticed Grinder
  1801 | D:3      | Paralysed by Grinder for 3 turns
  1821 | D:3      | Killed Grinder
  1956 | D:3      | Found a sacrificial altar of Ru.
  2151 | D:3      | Noticed Natasha
  2158 | D:3      | Killed Natasha
  2422 | D:4      | Noticed a hungry ghost
  2454 | D:4      | Killed a hungry ghost
  2454 | D:4      | Reached XP level 8. HP: 61/74 MP: 8/8
  3177 | D:5      | Entered Level 5 of the Dungeon
  3288 | D:5      | Found a basalt altar of Yredelemnul.
  3323 | D:5      | Noticed Pikel
  3356 | D:5      | Killed Pikel
  3356 | D:5      | Reached skill level 10 in Fighting
  3356 | D:5      | Reached skill level 10 in Axes
  3356 | D:5      | Reached XP level 9. HP: 69/85 MP: 9/9
  3454 | D:5      | Found a shadowy altar of Dithmenos.
  3456 | D:5      | Found an ornate altar of the Wu Jian Council.
  3456 | D:5      | Found a glowing golden altar of the Shining One.
  3458 | D:5      | Found a burning altar of Makhleb.
  3458 | D:5      | Found a snail-covered altar of Cheibriados.
  3458 | D:5      | Found a shimmering altar of Xom.
  3591 | D:5      | Noticed Blork the orc
  3604 | D:5      | Killed Blork the orc
  3763 | D:5      | Noticed Edmund
  3791 | D:5      | Killed Edmund
  4109 | D:6      | Became a worshipper of Beogh the Brigand
  4541 | D:6      | Found a snail-covered altar of Cheibriados.
  4609 | D:6      | Found a staircase to the Ecumenical Temple.
  4740 | D:6      | Found a shattered altar of Ashenzari.
  4741 | D:6      | Found a glowing golden altar of the Shining One.
  4741 | D:6      | Found an ancient bone altar of Kikubaaqudgha.
  4742 | D:6      | Found an opulent altar of Gozag.
  5740 | D:7      | Reached * piety under Beogh
  6161 | D:7      | Reached XP level 10. HP: 90/97 MP: 10/10
  6861 | D:8      | Got an ancient spear
  6862 | D:8      | Noticed Calypsia's ghost (novice GnWn)
  6875 | D:8      | Killed Calypsia's ghost
  6875 | D:8      | Reached skill level 5 in Armour
  6875 | D:8      | Reached skill level 5 in Shields
  6904 | D:8      | Identified the +8 spear of the Middle {pain, rElec rF+ rC+} (You found it on level 8 of the Dungeon)
  6966 | D:8      | Noticed a two-headed ogre
  6983 | D:8      | Killed a two-headed ogre
  7118 | D:8      | Reached ** piety under Beogh
  7435 | D:8      | Found a staircase to the Lair.
  7678 | D:8      | Reached XP level 11. HP: 82/104 MP: 11/11
  7942 | D:9      | Noticed a manticore
  7956 | D:9      | Killed a manticore
  8092 | D:9      | Found a bloodstained altar of Trog.
  8169 | D:9      | Noticed a two-headed ogre
  8418 | D:9      | Found a transporter.
  8419 | D:9      | Noticed an ettin
  8419 | D:9      | Noticed a fire dragon
  8420 | D:9      | Noticed a tengu warrior
  8422 | D:9      | Noticed a centaur warrior
  8422 | D:9      | Noticed a manticore
  8432 | D:9      | Found a transporter.
  8530 | D:9      | Killed a two-headed ogre
  8655 | D:9      | Found a staircase to the Orcish Mines.
  9081 | D:9      | Reached *** piety under Beogh
  9212 | D:9      | Found Tfeani's Tempting Trifles.
  9388 | D:10     | Entered Level 10 of the Dungeon
 10281 | Lair:1   | Entered Level 1 of the Lair of Beasts
 10764 | Lair:1   | Noticed a five-headed hydra
 10806 | Lair:1   | Killed a five-headed hydra
 11534 | Lair:1   | Reached **** piety under Beogh
 11902 | Lair:1   | Identified the Volume of the Monkey
 12153 | Lair:2   | Reached XP level 12. HP: 116/116 MP: 12/12
 12344 | Lair:2   | Noticed Nergalle
 12611 | Lair:2   | Killed Nergalle
 12643 | Lair:2   | Noticed a four-headed hydra
 12673 | Lair:2   | Killed a four-headed hydra
 13171 | Lair:2   | Noticed Sonja
 13183 | Lair:2   | Killed Sonja
 13479 | Lair:2   | Noticed a five-headed hydra
 13509 | Lair:2   | HP: 2/117 [five-headed hydra (8)]
 13509 | Lair:2   | Mangled by a five-headed hydra

Skill      XL: |  1  2  3  4  5  6  7  8  9 10 11 12 |
---------------+-------------------------------------+-----
Axes           | 3 4 6 7 8 10 12 13 14 | 14.9
Fighting       | 4 6 7 8 10 11 12 13 14 | 14.0
Shields        | 4 6 8 9 |  9.0
Armour         | 6 8 9 |  9.0

Action                   |  1- 3 |  4- 6 |  7- 9 | 10-12 || total
-------------------------+-------+-------+-------+-------++-------
Melee: War axe           |    82 |    95 |   385 |   319 ||   881
       Whip              |       |       |    91 |   440 ||   531
       Spear             |       |       |       |     4 ||     4
Throw: Tomahawk          |       |       |     4 |     2 ||     6
Invok: Convert to Beogh  |       |       |     1 |       ||     1
Evoke: Wand              |       |       |       |     7 ||     7
  Use: Scroll            |       |     1 |    11 |     5 ||    17
       Potion            |       |     2 |     1 |     3 ||     6
 Stab: Distracted        |       |       |       |     2 ||     2
  Eat: Ration            |       |     1 |     6 |     7 ||    14
       Chunk             |       |       |     3 |     4 ||     7
Armor: Scale mail        |    35 |    37 |   177 |   290 ||   539
Dodge: Dodged            |    20 |    20 |    99 |   185 ||   324
Block: Shield            |    38 |    38 |   178 |   334 ||   588
